 Dungeon Crawl Stone Soup version 0.19-b1-5-gdc9fa9d (webtiles) character file.

9397 Jorund the Cleaver (level 11, -6/64 HPs)
             Began as an Octopode Gladiator on Oct 31, 2016.
             Was a Follower of Okawaru.
             Mangled by an unseen horror (9 damage)
             ... on level 11 of the Dungeon.
             The game lasted 00:30:27 (14163 turns).

Jorund the Cleaver (Octopode Gladiator)            Turns: 14163, Time: 00:30:27

Health: -6/64      AC:  4    Str: 15    XL:     11   Next: 45%
Magic:  11/11      EV: 19    Int:  8    God:    Okawaru [*.....]
Gold:   184        SH:  0    Dex: 15    Spells: 0 memorised, 10 levels left

rFire  . . .     SeeInvis .     a - +2 war axe
rCold  . . .     Gourm    .     (no shield)
rNeg   . . .     Faith    .     b - +1 hat
rPois  .         Spirit   .     (no amulet)
rElec  .         Reflect  .     q - +2 ring of protection
rCorr  .         Harm     .     v - -3 ring of intelligence (curse)
MR     .....                    (no ring)
Stlth  ++........               (no ring)
                                (no ring)
                                (no ring)
                                (no ring)
                                (no ring)

@: no status effects
A: almost no armour, stealthy swim, amphibious, 8 rings, constrict 8, camouflage
1, gelatinous body 1
a: Heroism, Renounce Religion


You were on level 11 of the Dungeon.
You worshipped Okawaru.
Okawaru was aware of your devotion.
You were not hungry.

You visited 2 branches of the dungeon, and saw 12 of its levels.

You collected 621 gold pieces.
You spent 437 gold pieces at shops.

Inventory:

Hand Weapons
 a - a +2 war axe (weapon)
 o - a +0 battleaxe
 D - a +0 blowgun
Missiles
 G - 2 curare-tipped needles
 H - 87 poisoned needles
 J - a javelin (quivered)
Armour
 b - a +1 hat (worn)
 I - a cursed +0 buckler
Jewellery
 f - an uncursed ring of ice
 h - an uncursed ring of ice
 q - a +2 ring of protection (left tentacle)
 v - a cursed -3 ring of intelligence (right tentacle)
Wands
 m - a wand of acid (0/15)
 n - a wand of flame (9/48)
 w - a wand of flame (24/48)
 y - a wand of disintegration (13/24)
 B - a wand of iceblast (5/15)
 L - a wand of flame (16/48)
 O - a wand of slowing (28/48)
Scrolls
 e - 2 scrolls of teleportation
 p - 8 scrolls of remove curse
 s - 5 scrolls of identify
 t - 2 scrolls of fear
 u - a scroll of recharging
 K - a scroll of blinking
 N - a scroll of magic mapping
Potions
 g - 2 potions of flight
 j - a potion of magic
 x - 4 potions of brilliance
 C - 2 potions of lignification
 F - a potion of resistance
Books
 E - a book of Changes

   Spells                             Type                      Level
   a - Beastly Appendage              Transmutation                1
   b - Sticks to Snakes               Transmutation                2
   c - Spider Form                    Transmutation/Poison         3
   d - Ice Form                       Ice/Transmutation            4
   e - Blade Hands                    Transmutation                5
Miscellaneous
 r - a fan of gales
Comestibles
 c - 3 meat rations
 d - 11 bread rations
 i - 3 fruits
 k - a chunk of flesh
 l - 4 slices of pizza
 A - 2 royal jellies
 P - a beef jerky


   Skills:
 - Level 2.0 Fighting
 + Level 14.9 Axes
 - Level 2.0 Throwing
 + Level 9.1 Dodging


You had 10 spell levels left.
You didn't know any spells.

Dungeon Overview and Level Annotations

Branches:
Dungeon (11/15)            Temple (1/1) D:5            Lair (0/6) D:11
    Orc: D:9-12

Altars:
Ashenzari
Dithmenos
Fedhas
Gozag
Hepliaklqana
Kikubaaqudgha
Makhleb
Nemelex Xobeh
Okawaru
Qazlal
Sif Muna
Trog
Xom
Zin

Shops:
D:8 =   D:9 :*:   D:10 [

Annotations:
D:10 exclusion: gargoyle
D:11 exclusion: orange crystal statue


Innate Abilities, Weirdness & Mutations

You cannot wear most types of armour.
You are very stealthy in the water. (Stealth+)
You are amphibious.
You can wear up to eight rings at the same time.
You can use your tentacles to constrict eight enemies at once.
Your skin changes colour to match your surroundings (Stealth+).
Your rubbery body absorbs attacks. (AC +1, EV +1)


Message History

You swing at nothing.
Something hits you.
* * * LOW HITPOINT WARNING * * *
You hit something. Something hits you.
* * * LOW HITPOINT WARNING * * *
You miss something. Something hits you but does no damage.
A necrophage comes into view.
You swing at nothing.
The necrophage moves out of view.
You miss something. Your squeeze misses something. Something hits you.
* * * LOW HITPOINT WARNING * * *
Something hits you but does no damage.
You swing at nothing.
Something hits you.
* * * LOW HITPOINT WARNING * * *
You feel better. Something hits you.
* * * LOW HITPOINT WARNING * * *
You swing at nothing.
Something hits you.
* * * LOW HITPOINT WARNING * * *
You closely miss something. Something hits you.
* * * LOW HITPOINT WARNING * * *
Something hits you!
You die...

#...###.####....'#....;≈≈≈..>
.
#...###..#####......≈≈≈.≈J≈..
.
.............'.........≈≈≈..;
≈
..######.#####........≈.≈≈≈≈.
≈ ..# #.###......#....J≈≈≈≈≈
≈ ..# #..##......#....≈..≈≈≈
. ..# ##.##...÷..#...≈(..≈.≈
.
#########.##....†.#÷.........
.
8#.........'....@.'.....'....
.
##.......#.#......###...#####
##................# #####
##########........#
8#................# ##
##+######....###### #8 ##...#
#..#.## #|# ##...# #..#..#
##.## .....# #..##.# #...#


There were no monsters in sight!

Vanquished Creatures
  Erolcha (D:9)
  Erica (D:8)
  Pikel (D:5)
  A gargoyle (D:11)
  3 trolls
  Prince Ribbit (D:6)
  A hornet (D:7)
  A two-headed ogre (D:10)
  A hippogriff (D:8)
  A spriggan (D:8)
  A mottled dragon (D:11)
  2 water moccasins (D:8)
  7 orc warriors
  3 sky beasts
  2 slaves (D:5)
  An ice beast (D:11)
  3 phantoms
  6 ogres
  2 wolves (D:11)
  3 centaurs
  Blork the orc (D:6)
  5 big kobolds
  4 bullfrogs
  A scorpion (D:4)
  A water moccasin skeleton (D:7)
  A howler monkey (D:8)
  An electric eel (D:11)
  4 crimson imps
  A centaur zombie (D:7)
  10 hounds
  2 bullfrog zombies (D:5)
  2 jellies
  8 orc priests
  3 bullfrog skeletons
  2 centaur skeletons
  A gnoll shaman (D:8)
  10 orc wizards
  Ijyb (D:2)
  2 iguanas
  9 worker ants
  2 hound skeletons
  14 adders
  7 gnolls
  2 howler monkey skeletons
  2 shadow imps
  An adder skeleton (D:6)
  2 worms
  3 dart slugs
  5 leopard geckos
  59 orcs
  8 giant cockroaches
  17 goblins
  6 hobgoblins
  7 jackals
  34 kobolds
  3 quokkas
  4 ball pythons
  6 bats
  4 frilled lizards
  A jackal skeleton (D:5)
  A leopard gecko zombie (D:7)
  A quokka zombie (D:6)
  7 rats
307 creatures vanquished.

Vanquished Creatures (others)
  A giant cockroach zombie (D:5)
  14 plants (D:10)
15 creatures vanquished.

Grand Total: 322 creatures vanquished

Notes
Turn   | Place    | Note
-------+----------+-------------------------------------------
     0 | D:1      | Jorund the Octopode Gladiator began the quest for the Orb.
     0 | D:1      | Reached XP level 1. HP: 14/14 MP: 1/1
    93 | D:1      | Reached XP level 2. HP: 17/19 MP: 2/2
   626 | D:1      | Reached XP level 3. HP: 22/24 MP: 3/3
  1149 | D:2      | Reached skill level 4 in Axes
  1337 | D:2      | Noticed Ijyb
  1361 | D:2      | Killed Ijyb
  1361 | D:2      | Reached XP level 4. HP: 15/29 MP: 4/4
  2678 | D:3      | Reached XP level 5. HP: 34/34 MP: 5/5
  3133 | D:3      | Reached skill level 5 in Axes
  3179 | D:3      | Found a hazy altar of Hepliaklqana.
  3374 | D:3      | Found a glowing silver altar of Zin.
  3378 | D:3      | Found an ancient bone altar of Kikubaaqudgha.
  3381 | D:3      | Found a blossoming altar of Fedhas.
  3624 | D:4      | Noticed an ogre
  3661 | D:4      | Killed an ogre
  3661 | D:4      | Reached XP level 6. HP: 39/39 MP: 6/6
  4075 | D:4      | Reached skill level 6 in Axes
  4298 | D:5      | Entered Level 5 of the Dungeon
  4340 | D:5      | Noticed a slave
  4397 | D:5      | Noticed a phantom
  4413 | D:5      | Killed a phantom
  4418 | D:5      | Reached skill level 7 in Axes
  4418 | D:5      | Reached XP level 7. HP: 13/45 MP: 7/7
  4620 | D:5      | Noticed Pikel
  5023 | D:5      | Reached skill level 5 in Dodging
  5244 | D:5      | Reached skill level 8 in Axes
  5418 | D:4      | Reached XP level 8. HP: 24/50 MP: 8/8
  5975 | D:6      | Reached skill level 9 in Axes
  6138 | D:6      | Noticed Prince Ribbit
  6145 | D:6      | Killed Prince Ribbit
  6229 | D:6      | Reached skill level 10 in Axes
  6229 | D:6      | Reached XP level 9. HP: 11/54 MP: 9/9
  6645 | D:6      | Found an opulent altar of Gozag.
  6824 | D:6      | Noticed Blork the orc
  6832 | D:6      | Killed Blork the orc
  7139 | D:7      | Noticed a hornet
  7149 | D:7      | HP: 2/54 [hornet (8)]
  7150 | D:7      | Killed a hornet
  7402 | D:7      | Reached skill level 11 in Axes
  8195 | D:8      | Found Suemmuqa's Jewellery Shoppe.
  8204 | D:8      | Bought a +2 ring of protection for 150 gold pieces
  8242 | D:8      | Noticed Erica
  8261 | D:8      | Killed Erica
  8261 | D:8      | Reached skill level 12 in Axes
  8261 | D:8      | Reached XP level 10. HP: 29/60 MP: 10/10
  8995 | D:8      | Found a shattered altar of Ashenzari.
  9650 | D:9      | Found Qeask's Book Emporium.
  9651 | D:9      | Noticed Erolcha
  9805 | D:9      | Found a shadowy altar of Dithmenos.
  9811 | D:9      | Reached skill level 13 in Axes
  9843 | D:9      | Found Nurph's Book Shop.
  9874 | D:9      | Found Jeesm's Assorted Antiques.
  9894 | D:9      | Killed Erolcha
  9919 | D:9      | Bought 2 fizzy black potions for 41 gold pieces
  9919 | D:9      | Bought 2 fizzy black potions for 41 gold pieces
  9919 | D:9      | Bought a scroll of identify for 46 gold pieces
  9919 | D:9      | Bought a scroll labeled YMAKIR XAHU for 23 gold pieces
  9919 | D:9      | Bought a scroll of identify for 46 gold pieces
  9919 | D:9      | Bought a potion of curing for 69 gold pieces
 10386 | D:10     | Entered Level 10 of the Dungeon
 10441 | D:10     | Noticed a gargoyle
 11074 | D:10     | Reached skill level 14 in Axes
 11074 | D:10     | Reached XP level 11. HP: 55/64 MP: 11/11
 11474 | D:10     | Found Namek's Armour Emporium.
 11480 | D:10     | Bought a cursed +0 buckler for 21 gold pieces
 11763 | D:5      | Killed Pikel
 11870 | D:5      | Found a staircase to the Ecumenical Temple.
 12004 | Temple   | Entered the Ecumenical Temple
 12040 | Temple   | Became a worshipper of Warmaster Okawaru
 12184 | D:10     | HP: 1/64 [two-headed ogre/dire flail (15)]
 13062 | D:11     | Reached * piety under Okawaru
 13300 | D:11     | Noticed an orange crystal statue
 13301 | D:11     | Noticed a manticore
 13955 | D:11     | Found a staircase to the Lair.
 14160 | D:11     | HP: 3/64 [something (6)]
 14163 | D:11     | Mangled by an unseen horror

Skill      XL: |  1  2  3  4  5  6  7  8  9 10 11 |
---------------+----------------------------------+-----
Axes           | 4 5 7 8 10 12 14 | 14.9
Dodging        | 4 5 6 7 8 9 |  9.1
Fighting       | |  2.0
Throwing       | |  2.0

Action                   |  1- 3 |  4- 6 |  7- 9 | 10-12 || total
-------------------------+-------+-------+-------+-------++-------
Melee: War axe           |    69 |   111 |   228 |   331 ||   739
       Constrict         |    16 |    25 |    55 |    68 ||   164
       Tentacles         |     6 |    23 |    59 |    74 ||   162
 Fire: Blowgun           |       |       |       |     6 ||     6
Throw: Throwing net      |       |     4 |     1 |       ||     5
       Javelin           |       |       |       |     6 ||     6
Evoke: Wand              |       |       |    14 |     2 ||    16
  Use: Scroll            |     8 |     8 |     3 |     7 ||    26
       Potion            |       |     2 |     4 |     4 ||    10
 Stab: Sleeping          |     5 |     7 |     3 |     6 ||    21
       Distracted        |     1 |       |       |     2 ||     3
       Held in net/web   |       |       |     1 |       ||     1
  Eat: Chunk             |     1 |    10 |    12 |    19 ||    42
Armor: Skin              |     2 |     1 |    12 |    36 ||    51
Dodge: Dodged            |    46 |    71 |   142 |   199 ||   458
